[Event "Friday 19 January Rapid Engine Tour 12+1 Rounds 9 Starts 1600 ST"]
[Site "Infinity Chess"]
[Date "2018.1.19"]
[Round "9"]
[White "ocirema"]
[Black "KRAKEN"]
[Result "1/2-1/2"]
[ECO "C77"]
[WhiteElo "2449"]
[BlackElo "2479"]
[WhiteEngine "stockfish_18011309_x64_modern_CTG"]
[BlackEngine "Raubfisch ME262_GTZ16b3._CTG"]
[EventType "Swiss"]
[WhiteTeam ""]
[BlackTeam ""]
[PlyCount "84"]
[TimeControl "720+1"]

1. e4 e5 2. Nf3 Nc6 3. Bb5 a6 4. Ba4 Nf6 5. O-O Be7 6. Re1 b5 7. Bb3 O-O 
8. a4 b4 9. d4 d6 10. dxe5 Nxe5 11. Nxe5 dxe5 12. Qe2 a5 13. Bg5 Qd4 14. c3 Qb6 
15. Bc4 Rb8 16. Be3 Qc6 17. f3 Nh5 18. g3 Qg6 19. Qg2 Be6 20. Bxe6 Qxe6 
21. Nd2 bxc3 22. bxc3 h6 23. Qe2 Bg5 24. Nc4 Rb3 25. Kg2 Ra8 26. Bxg5 hxg5 
27. Ne3 Rab8 28. Rec1 Nf6 29. Rc2 Qd6 30. Rf1 Qd7 31. Qc4 Ra3 32. Rd1 Rxa4 
33. Qc5 Rb5 34. Qa7 Qc6 35. Nf5 Kh7 36. Qe3 g6 37. Qxg5 gxf5 38. Qxf5+ Kh6 
39. Qh3+ Kg6 40. Qf5+ Kh6 41. Qh3+ Kg6 42. Qf5+ Kh6 1/2-1/2

[Event "Friday 19 January Rapid Engine Tour 12+1 Rounds 9 Starts 1600 ST"]
[Site "Infinity Chess"]
[Date "2018.1.19"]
[Round "9"]
[White "Vimtiroba"]
[Black "angriff"]
[Result "0-1"]
[ECO "B00"]
[WhiteElo "2492"]
[BlackElo "2450"]
[WhiteEngine "SF@Infinity_CTG"]
[BlackEngine "Raubfisch ME262_GTZ16b2_CTG"]
[EventType "Swiss"]
[WhiteTeam ""]
[BlackTeam ""]
[PlyCount "137"]
[TimeControl "720+1"]

1. e4 Nc6 2. d4 d5 3. e5 Bf5 4. c3 e6 5. Nd2 f6 6. f4 g5 7. Qh5+ Bg6 8. Qh3 Qd7 
9. Ngf3 gxf4 10. Bb5 O-O-O 11. O-O a6 12. Bxc6 Qxc6 13. Nb3 Bd3 14. Rf2 Bf5 
15. Qh4 Be7 16. Qh5 fxe5 17. dxe5 Qe8 18. Qxe8 Rxe8 19. Bxf4 c5 20. a4 Kd7 
21. Na5 Rb8 22. Rd1 h5 23. h3 Nh6 24. c4 d4 25. b4 b6 26. Nb3 a5 27. Nbxd4 cxd4 
28. Nxd4 Kc8 29. bxa5 bxa5 30. Be3 Rb1 31. Rxb1 Bxb1 32. Rb2 Be4 33. Nxe6 Nf5 
34. Ba7 Kd7 35. Nc5+ Bxc5+ 36. Bxc5 h4 37. Rb6 Rg8 38. e6+ Kc7 39. Rb2 Kc6 
40. Ba7 Kd6 41. e7 Kxe7 42. g4 Ng3 43. Rb8 Rg6 44. Bb6 Kd7 45. Kf2 Rf6+ 
46. Ke1 Rf1+ 47. Kd2 Rh1 48. Ke3 Rxh3 49. Rd8+ Ke6 50. Rh8 Kf7 51. Bxa5 Bg2 
52. Kf2 Bc6 53. Bc7 Ne4+ 54. Kg2 Ng5+ 55. Kf1 Rf3+ 56. Ke1 h3 57. a5 Ra3 
58. Bf4 Nf3+ 59. Kf2 Ra2+ 60. Kg3 h2 61. Bc7 Ra1 62. Rh7+ Kg6 63. Rxh2 Nxh2 
64. Kxh2 Rc1 65. Kg3 Rc3+ 66. Kf4 Rxc4+ 67. Ke5 Rxg4 68. Kd6 Bg2 69. Ke6 0-1

[Event "Friday 19 January Rapid Engine Tour 12+1 Rounds 9 Starts 1600 ST"]
[Site "Infinity Chess"]
[Date "2018.1.19"]
[Round "9"]
[White "Deep SKY"]
[Black "MGR"]
[Result "1/2-1/2"]
[ECO "C11"]
[WhiteElo "2473"]
[BlackElo "2474"]
[WhiteEngine "BrainFish_180106_x64_CTG"]
[BlackEngine "asmFishW_2017-11-19_bmi2"]
[EventType "Swiss"]
[WhiteTeam ""]
[BlackTeam ""]
[PlyCount "114"]
[TimeControl "720+1"]

1. e4 e6 2. d4 d5 3. Nc3 Nf6 4. e5 Nfd7 5. f4 c5 6. Nf3 Nc6 7. Be3 cxd4 
8. Nxd4 Qb6 9. Qd2 Qxb2 10. Rb1 Qa3 11. Bb5 Nxd4 12. Bxd4 a6 13. Bxd7+ Bxd7 
14. Rb3 Qe7 15. Rxb7 Qd8 16. Bb6 Qc8 17. Rc7 Qd8 18. Rb7 Qc8 19. Rc7 Qd8 
20. Qd4 Ba3 21. Ra7 Qc8 22. Rc7 Qd8 23. Nb1 Be7 24. c4 Rc8 25. Rb7 Bb4+ 
26. Kf2 Qxb6 27. Rxb6 Bc5 28. Rd1 O-O 29. cxd5 exd5 30. Kg3 Bxd4 31. Rxd4 Rc2 
32. Rxd5 Be6 33. Rd2 Rxa2 34. Rxa2 Bxa2 35. Nc3 Bc4 36. Rc6 Bd3 37. Rd6 Bc4 
38. Rc6 Bd3 39. Kf3 a5 40. Ke3 Bf1 41. g3 Ra8 42. Rd6 Bh3 43. Nd5 Kf8 
44. Nc7 Rc8 45. Nd5 Be6 46. Nb6 Rc2 47. Rd8+ Ke7 48. Ra8 Rxh2 49. Rxa5 f6 
50. Ra7+ Kf8 51. exf6 gxf6 52. Nd7+ Bxd7 53. Rxd7 h5 54. Rh7 Kg8 55. Ra7 h4 
56. gxh4 Rxh4 57. Ke4 Rh5 1/2-1/2

[Event "Friday 19 January Rapid Engine Tour 12+1 Rounds 9 Starts 1600 ST"]
[Site "Infinity Chess"]
[Date "2018.1.19"]
[Round "9"]
[White "RonWeasley"]
[Black "Marsell"]
[Result "1/2-1/2"]
[ECO "C55"]
[WhiteElo "2482"]
[BlackElo "2487"]
[WhiteEngine "BrainFish 130117_CTG"]
[BlackEngine "asmFishW_2018-01-11_popcnt"]
[EventType "Swiss"]
[WhiteTeam ""]
[BlackTeam ""]
[PlyCount "137"]
[TimeControl "720+1"]

1. e4 e5 2. Nf3 Nc6 3. Bc4 Nf6 4. d3 Bc5 5. c3 d6 6. Bb3 a6 7. Nbd2 O-O 
8. O-O Ba7 9. Re1 Ng4 10. Re2 Kh8 11. h3 Nh6 12. Nf1 f5 13. Bg5 Qd7 14. a4 fxe4 
15. Rxe4 Nf5 16. Qe2 Qe8 17. d4 Be6 18. Bxe6 Qxe6 19. dxe5 Rae8 20. Re1 dxe5 
21. Be3 Bxe3 22. Nxe3 Nd6 23. Rh4 Qe7 24. Rg4 e4 25. Nd4 Nxd4 26. cxd4 Qf6 
27. Qd2 g6 28. Re2 Rf7 29. Nf1 Qf5 30. d5 Rfe7 31. Rg3 Kg8 32. Rc3 Rf7 
33. Ng3 Qe5 34. Qd1 Ree7 35. Rce3 Rd7 36. Qb3 Rf4 37. Re1 Rh4 38. Ne2 Rf7 
39. Ng3 Qd4 40. Rd1 Qf6 41. Re2 Rf4 42. Qe3 Qe5 43. b3 Qf6 44. Qd2 h5 
45. Rde1 Re7 46. Kh1 h4 47. Nf1 e3 48. Rxe3 Rxe3 49. Nxe3 Ne4 50. Qc2 Nxf2+ 
51. Kg1 Qg5 52. Nd1 Nxd1 53. Qxd1 Qg3 54. Re8+ Rf8 55. Re6 Qf2+ 56. Kh1 Qg3 
57. Qe2 Rf5 58. Kg1 Kg7 59. Re7+ Kf6 60. Qe4 Qf2+ 61. Kh2 Qg3+ 62. Kg1 Qf2+ 
63. Kh2 a5 64. Kh1 Qg3 65. Kg1 Qf2+ 66. Kh2 Qg3+ 67. Kg1 Qf2+ 68. Kh2 Qg3+ 
69. Kg1 1/2-1/2

[Event "Friday 19 January Rapid Engine Tour 12+1 Rounds 9 Starts 1600 ST"]
[Site "Infinity Chess"]
[Date "2018.1.19"]
[Round "9"]
[White "CrapCleaner"]
[Black "Neoxium"]
[Result "1/2-1/2"]
[ECO "C19"]
[WhiteElo "2470"]
[BlackElo "2492"]
[WhiteEngine "komodo-11.2.2-64bit_CTG"]
[BlackEngine "SF SL FA-IDeA"]
[EventType "Swiss"]
[WhiteTeam ""]
[BlackTeam ""]
[PlyCount "349"]
[TimeControl "720+1"]

1. e4 e6 2. d4 d5 3. Nc3 Bb4 4. e5 c5 5. a3 Bxc3+ 6. bxc3 Ne7 7. Qg4 Kf8 
8. Qd1 h6 9. a4 Qa5 10. Bd2 Qc7 11. Nf3 Kg8 12. Bd3 Nbc6 13. O-O c4 14. Be2 Bd7 
15. g3 Rf8 16. Nh4 Kh7 17. Bc1 f6 18. f4 Rhg8 19. Bf3 Qa5 20. exf6 Rxf6 
21. Qe1 b5 22. Ba3 bxa4 23. Bc5 Nf5 24. Nxf5 Rxf5 25. Bg4 Rf6 26. Kg2 Rf7 
27. Rf2 Re8 28. Rb1 Qa6 29. Re2 Nd8 30. Ba3 Qc8 31. Bh5 g6 32. Bf3 Bc6 
33. Kg1 Rf6 34. Re3 Nf7 35. Qe2 Qc7 36. Kg2 Kh8 37. h4 Nd6 38. Rh1 h5 
39. Ra1 Nf5 40. Re5 Kh7 41. Qe1 Ng7 42. Bb4 Rf5 43. Re2 Qb8 44. Kh2 Qd8 
45. Bg2 Qd7 46. Bh3 Rf6 47. Qf1 Nf5 48. Ba3 Nd6 49. Re3 Rc8 50. Bg2 Nf5 
51. Re5 Nh6 52. Re2 Ng4+ 53. Kg1 Nh6 54. Bc5 Nf5 55. Kh2 Rg8 56. Rb1 Qc7 
57. Re5 Rb8 58. Rbe1 Bd7 59. Ra1 Rb7 60. Bh3 Qd8 61. Qf3 Qe8 62. Ba3 Rb6 
63. Bc5 Rb7 64. Ree1 a6 65. Re5 Rb5 66. Ba3 Rb8 67. Rae1 Qf7 68. Bc5 Rb2 
69. Qe2 Kg8 70. Qd2 Rb7 71. Qg2 Kh7 72. Ba3 Kg7 73. Ra1 Rb5 74. Bc5 Kg8 
75. Qf2 Qe8 76. Qe2 Rf7 77. Re1 Rg7 78. Qf2 Qf7 79. Qg2 Rh7 80. Ra1 Rh8 
81. Rae1 Kg7 82. Ra1 Rhb8 83. Ree1 Kg8 84. Qe2 R5b7 85. Qg2 Ra8 86. Re5 Rab8 
87. Ree1 Qf6 88. Qe2 Kh7 89. Ba3 Re8 90. Qf3 Qf7 91. Re5 Reb8 92. Ree1 Kg7 
93. Qg2 Nh6 94. Bd6 Rd8 95. Be5+ Kh7 96. Bd6 Nf5 97. Bc5 Rc8 98. Qe2 Rcb8 
99. Ba3 Re8 100. Bc5 Rbb8 101. Qf3 Rb2 102. Qe2 Rbb8 103. Qg2 Qf6 104. Re5 Rh8 
105. Qe2 Qf7 106. Ba3 Rhg8 107. Qd1 a5 108. Qf3 Nh6 109. Rg5 Rb6 110. Kg2 Rgb8 
111. Re1 Rb1 112. Rge5 Rxe1 113. Rxe1 Qf6 114. Kh2 Rb7 115. Qf1 Rb8 116. Qf3 Nf5 
117. Re5 Be8 118. Re1 Bf7 119. Ra1 Qd8 120. Qe2 Qe8 121. Bc5 Rb7 122. Qf2 Rb2 
123. Ba3 Rb5 124. Qe2 Rb7 125. Bc5 Qd7 126. Ba3 Qd8 127. Bc5 Qe8 128. Qf2 Qb5 
129. Ba3 Qd7 130. Qe2 Qc7 131. Bc5 Nd6 132. Bg2 Nf5 133. Bh3 Nd6 134. Bg2 Qc6 
135. Qe5 Nf5 136. Bh3 Qe8 137. Qe2 Qc6 138. Qe5 Qd7 139. Bxf5 gxf5 140. Bf8 Be8 
141. Ba3 Bg6 142. Re1 Bf7 143. Bf8 Bg6 144. Ba3 Bf7 145. Bf8 Bg6 146. Rc1 Rb2 
147. Ba3 Ra2 148. Bf8 Be8 149. Qf6 a3 150. Be7 Bg6 151. Kg2 a4 152. Kf2 Qe8 
153. Bd6 Qg8 154. Qe7+ Kh6 155. Bxa3 Be8 156. Qf6+ Kh7 157. Bf8 Qg6 
158. Qe7+ Qf7 159. Qb4 a3 160. Bd6 Qa7 161. Bb8 Qf7 162. Be5 Bc6 163. Ke3 Kh6 
164. Qd6 Ba4 165. Kd2 Qe8 166. Qc7 Qd7 167. Qb8 Qe8 168. Qa7 Qd7 169. Qa8 Qe8 
170. Qa5 Qd7 171. Qb4 Qe8 172. Qb7 Qd7 173. Qb4 Qe8 174. Qb7 Qd7 175. Qb4 
1/2-1/2

[Event "Friday 19 January Rapid Engine Tour 12+1 Rounds 9 Starts 1600 ST"]
[Site "Infinity Chess"]
[Date "2018.1.19"]
[Round "9"]
[White "xeonrocks"]
[Black "NINJA_JENGKA"]
[Result "1/2-1/2"]
[ECO "C53"]
[WhiteElo "2548"]
[BlackElo "2453"]
[WhiteEngine "asmFishW_CTG"]
[BlackEngine "Houdini 6_CTG"]
[EventType "Swiss"]
[WhiteTeam ""]
[BlackTeam ""]
[PlyCount "123"]
[TimeControl "720+1"]

1. e4 e5 2. Nf3 Nc6 3. Bc4 Bc5 4. c3 Nf6 5. d4 exd4 6. e5 d5 7. Bb5 Ne4 
8. cxd4 Bb6 9. O-O Bg4 10. a4 a6 11. Bxc6+ bxc6 12. Nc3 O-O 13. h3 Bxf3 
14. gxf3 Nxc3 15. bxc3 c5 16. a5 Ba7 17. f4 Qd7 18. Kg2 Rfd8 19. Be3 cxd4 
20. cxd4 c5 21. dxc5 d4 22. Bd2 Bxc5 23. Qf3 Rab8 24. Rac1 Bf8 25. Qe4 g6 
26. Rb1 Bc5 27. Rfc1 Rxb1 28. Rxb1 Qe6 29. Rc1 Rc8 30. Rb1 Qa2 31. Qb7 Qe6 
32. Qe4 Kg7 33. Rb2 Re8 34. Qd3 Qd5+ 35. f3 Qe6 36. Rc2 Be7 37. Qxd4 Rb8 
38. Qa4 Rb5 39. Be1 h5 40. Qa2 Qf5 41. Rc7 Kf8 42. Qd2 g5 43. fxg5 Rb3 
44. Rc3 Rxc3 45. Qxc3 Qxg5+ 46. Kf1 Qf5 47. Kg2 Qg5+ 48. Kh2 Qf4+ 49. Kg1 Qg5+ 
50. Kf1 Qf5 51. h4 Qh3+ 52. Ke2 Bxh4 53. Bxh4 Qxh4 54. Qc8+ Kg7 55. Qxa6 Qh2+ 
56. Kd3 Qxe5 57. Qb6 h4 58. Qd4 Qxd4+ 59. Kxd4 h3 60. a6 h2 61. a7 h1=Q 62. a8=Q 
1/2-1/2

[Event "Friday 19 January Rapid Engine Tour 12+1 Rounds 9 Starts 1600 ST"]
[Site "Infinity Chess"]
[Date "2018.1.19"]
[Round "8"]
[White "Dinkelberger"]
[Black "Thinker"]
[Result "1/2-1/2"]
[ECO "C77"]
[WhiteElo "2406"]
[BlackElo "2421"]
[WhiteEngine "stockfish_18011309_x64_modern_CTG"]
[BlackEngine "BrainFish_180113_x64_modern_CTG"]
[EventType "Swiss"]
[WhiteTeam ""]
[BlackTeam ""]
[PlyCount "180"]
[TimeControl "720+1"]

1. e4 e5 2. Nf3 Nc6 3. Bb5 a6 4. Ba4 Nf6 5. O-O Be7 6. Re1 b5 7. Bb3 O-O 
8. c3 d5 9. exd5 Nxd5 10. Nxe5 Nxe5 11. Rxe5 c6 12. d4 Bd6 13. Re1 Qh4 
14. g3 Qh3 15. Be3 Bg4 16. Qd3 Rae8 17. Nd2 Re6 18. a4 Qh5 19. axb5 axb5 
20. Qf1 Bb8 21. Bxd5 Qxd5 22. f3 Bh5 23. Qg2 f6 24. Bf2 Bf7 25. Qh3 Rxe1+ 
26. Rxe1 Bd6 27. Ra1 Rd8 28. Qf1 Bf8 29. Qd3 Re8 30. Re1 Ra8 31. Qb1 Qh5 
32. h4 Qg6 33. Qxg6 Bxg6 34. Re6 Ra6 35. d5 Ra1+ 36. Re1 Rxe1+ 37. Bxe1 cxd5 
38. Nb3 Bd3 39. Kg2 Kf7 40. Bd2 Bc4 41. Nd4 Bc5 42. b4 Bxd4 43. cxd4 Bb3 
44. g4 g6 45. Kg3 Ke6 46. Kf4 Bd1 47. Kg3 Kf7 48. Bf4 Ke7 49. h5 gxh5 
50. gxh5 Kf7 51. Kg4 Ke6 52. Be3 Bb3 53. Bf4 Bd1 54. Bb8 Kf7 55. Bg3 Ke6 
56. Bh2 Ke7 57. Kf4 Kd6 58. Kf5+ Ke7 59. Kf4 Kf7 60. Bg3 Bb3 61. Kf5 Bc2+ 
62. Kf4 Bb3 63. Kf5 Ke7 64. Bf4 Bc2+ 65. Kg4 Bd1 66. Be3 Kd6 67. Kg3 Ke6 
68. Kf4 Bc2 69. Bc1 Bb3 70. Bb2 Kf7 71. Bc1 Bd1 72. Bd2 Be2 73. Be3 Bd1 
74. Bf2 Bb3 75. Ke3 Bd1 76. Kf4 Ke6 77. Be3 Bc2 78. Bc1 Ke7 79. Kg3 Ke6 
80. Bd2 Kf5 81. Bc1 Bd3 82. Kf2 Bc4 83. Ke1 Bb3 84. Kf2 Bc4 85. Ke1 Bb3 
86. Kf2 Bc2 87. Ke2 Bb3 88. Be3 Bc4+ 89. Kf2 Bd3 90. Bc1 Bc4 1/2-1/2

[Event "Friday 19 January Rapid Engine Tour 12+1 Rounds 9 Starts 1600 ST"]
[Site "Infinity Chess"]
[Date "2018.1.19"]
[Round "8"]
[White "Katzenmaier"]
[Black "BraveDevil"]
[Result "1-0"]
[ECO "B52"]
[WhiteElo "2459"]
[BlackElo "2376"]
[WhiteEngine "S_XPrO.251117.x64.POPCNT_CTG"]
[BlackEngine "Cryptic AIL V1"]
[EventType "Swiss"]
[WhiteTeam ""]
[BlackTeam ""]
[PlyCount "219"]
[TimeControl "720+1"]

1. e4 c5 2. Nf3 d6 3. Bb5+ Bd7 4. Bxd7+ Qxd7 5. c4 Nf6 6. Nc3 Nc6 7. d4 cxd4 
8. Nxd4 g6 9. f3 Bg7 10. Be3 O-O 11. O-O a6 12. Qd3 Ne5 13. Qe2 Rac8 14. b3 b5 
15. Nd5 Nxd5 16. cxd5 e6 17. dxe6 fxe6 18. Rad1 Rfe8 19. h3 Nf7 20. Qd3 d5 
21. Bf2 dxe4 22. Qxe4 Qd5 23. Qb1 Qg5 24. Rfe1 e5 25. Ne2 e4 26. fxe4 Qe5 
27. Nc1 Qc7 28. Nd3 Bc3 29. Re3 Ng5 30. e5 Bd4 31. Rc1 Qe7 32. Ree1 Qd7 
33. Re2 Rxc1+ 34. Qxc1 Qf5 35. Bxd4 Qxd3 36. Qe3 Qxe3+ 37. Rxe3 Ne6 38. Ba7 Nf4 
39. Re4 Nd5 40. e6 Nc7 41. e7 Nd5 42. Bc5 Kf7 43. Rh4 Kg7 44. Rd4 Nxe7 
45. Rd6 Rc8 46. Bd4+ Kf7 47. Rf6+ Ke8 48. Rxa6 Rc2 49. a4 bxa4 50. bxa4 Kd7 
51. Ra7+ Ke6 52. a5 Ra2 53. Bb6 h5 54. Ra6 Kd7 55. Kh2 Nd5 56. Bc5 Nf4 
57. Kg3 g5 58. Rd6+ Kc7 59. Rh6 h4+ 60. Kf3 Nd3 61. Bb6+ Kb7 62. Ke4 Ne1 
63. Kf5 Nxg2 64. Kxg5 Ra4 65. Kf5 Ra2 66. Rg6 Ne1 67. Rg1 Nf3 68. Rg4 Rc2 
69. Rg7+ Ka6 70. Rg6 Ra2 71. Rf6 Rg2 72. Rh6 Rg3 73. Bc7+ Ka7 74. Bxg3 hxg3 
75. Kf6 g2 76. Rg6 Nh4 77. Rg8 Ka6 78. Rg7 Kxa5 79. Rg3 Kb4 80. Kg5 Nf3+ 
81. Kg4 Ne5+ 82. Kh5 Nd3 83. h4 Kc4 84. Rxg2 Nf4+ 85. Kg5 Nxg2 86. h5 Ne1 
87. h6 Nc2 88. h7 Kd5 89. h8=Q Ne3 90. Qd8+ Ke4 91. Qe8+ Kd4 92. Qa4+ Kd5 
93. Qb4 Nc4 94. Qb5+ Kd4 95. Kf4 Nd2 96. Qb6+ Kc3 97. Qc5+ Kd3 98. Qe3+ Kc2 
99. Qd4 Nb3 100. Qc4+ Kb2 101. Ke3 Nc1 102. Qb4+ Kc2 103. Qd2+ Kb1 104. Qf2 Na2 
105. Kd3 Nc1+ 106. Kc4 Na2 107. Qd2 Nc1 108. Kb4 Na2+ 109. Ka3 Nc1 110. Qb2# 1-0

[Event "Friday 19 January Rapid Engine Tour 12+1 Rounds 9 Starts 1600 ST"]
[Site "Infinity Chess"]
[Date "2018.1.19"]
[Round "8"]
[White "Boggyman"]
[Black "hafaba"]
[Result "1/2-1/2"]
[ECO "B00"]
[WhiteElo "2421"]
[BlackElo "2452"]
[WhiteEngine "Raubfisch ME262_GTZ16b3._CTG"]
[BlackEngine "Stockfish SL 07012018 POPCNT_CTG"]
[EventType "Swiss"]
[WhiteTeam ""]
[BlackTeam ""]
[PlyCount "77"]
[TimeControl "720+1"]

1. e4 Nc6 2. d4 d5 3. e5 Bf5 4. c3 e6 5. Nd2 f6 6. f4 g5 7. Bb5 gxf4 
8. Bxc6+ bxc6 9. Ndf3 fxe5 10. dxe5 Ne7 11. Ne2 Ng6 12. O-O Bh6 13. Nfd4 Bg4 
14. h3 Bxe2 15. Qxe2 Qd7 16. Qh5 Bg7 17. Bxf4 O-O 18. Bg3 c5 19. Nf3 Rf5 
20. Ng5 Bxe5 21. Rxf5 exf5 22. Bxe5 Nxe5 23. Re1 Ng6 24. Nf3 Kh8 25. Ne5 Qe6 
26. Qh6 Re8 27. Nxg6+ Qxg6 28. Rxe8+ Qxe8 29. Qf6+ Kg8 30. Qxf5 Qe3+ 31. Kh2 c6 
32. c4 d4 33. Qxc5 Qf4+ 34. Kh1 d3 35. Qxc6 Qc1+ 36. Kh2 Qf4+ 37. Kh1 Qc1+ 
38. Kh2 Qf4+ 39. Kh1 1/2-1/2

[Event "Friday 19 January Rapid Engine Tour 12+1 Rounds 9 Starts 1600 ST"]
[Site "Infinity Chess"]
[Date "2018.1.19"]
[Round "8"]
[White "Satria_Ungu"]
[Black "OlivierEvan"]
[Result "1/2-1/2"]
[ECO "A06"]
[WhiteElo "2395"]
[BlackElo "2400"]
[WhiteEngine "Houdini 6"]
[BlackEngine "Houdini 6"]
[EventType "Swiss"]
[WhiteTeam ""]
[BlackTeam ""]
[PlyCount "123"]
[TimeControl "720+1"]

1. Nf3 d5 2. d4 Nf6 3. c4 e6 4. Nc3 c6 5. Bg5 h6 6. Bxf6 Qxf6 7. e3 Nd7 
8. Bd3 dxc4 9. Bxc4 g6 10. a4 Bg7 11. a5 O-O 12. O-O Rd8 13. b4 e5 14. Ne4 Qe7 
15. Qc2 exd4 16. exd4 Nf6 17. Nxf6+ Qxf6 18. Qc3 Be6 19. Bxe6 Qxe6 20. a6 Rab8 
21. Rfe1 Qd6 22. g3 Rd7 23. Red1 b5 24. Rac1 Rb6 25. Qa3 Re7 26. Kg2 Re2 
27. Re1 Rxe1 28. Rxe1 Kf8 29. h4 Qd5 30. Qe3 Qd8 31. h5 g5 32. Ne5 Qd5+ 
33. Kh3 Bxe5 34. dxe5 Rxa6 35. e6 fxe6 36. Qxe6 Qxe6+ 37. Rxe6 Kg7 38. Re7+ Kf6 
39. Rh7 Kf5 40. f3 c5 41. bxc5 Ke5 42. Rb7 Ra5 43. c6 Kd6 44. Kg4 Ra4+ 
45. f4 Kxc6 46. Rh7 gxf4 47. gxf4 b4 48. Rxh6+ Kc7 49. Re6 Ra1 50. Re2 a5 
51. Rh2 Rg1+ 52. Kf5 b3 53. h6 Rg8 54. h7 Rb8 55. Kg6 a4 56. Rb2 Kc6 57. f5 Kc5 
58. f6 Kc4 59. Rh2 a3 60. h8=Q Rxh8 61. Rxh8 a2 62. Rh4+ 1/2-1/2

[Event "Friday 19 January Rapid Engine Tour 12+1 Rounds 9 Starts 1600 ST"]
[Site "Infinity Chess"]
[Date "2018.1.19"]
[Round "8"]
[White "neófito"]
[Black "ocirema"]
[Result "1/2-1/2"]
[ECO "B90"]
[WhiteElo "2439"]
[BlackElo "2449"]
[WhiteEngine "asmFishW_2018-01-12_bmi2"]
[BlackEngine "stockfish_18011309_x64_modern_CTG"]
[EventType "Swiss"]
[WhiteTeam ""]
[BlackTeam ""]
[PlyCount "108"]
[TimeControl "720+1"]

1. e4 c5 2. Nf3 d6 3. d4 cxd4 4. Nxd4 Nf6 5. Nc3 a6 6. Be3 e5 7. Nb3 Be6 
8. f3 h5 9. Qd2 Nbd7 10. Nd5 Nxd5 11. exd5 Bf5 12. Na5 Qc7 13. Rc1 Be7 
14. Bd3 Bxd3 15. cxd3 Qb8 16. d4 Bh4+ 17. g3 Bf6 18. O-O O-O 19. b3 exd4 
20. Bxd4 Bxd4+ 21. Qxd4 Re8 22. Rc2 Nf6 23. Rfc1 Re5 24. Qb6 Qe8 25. Nc4 Re1+ 
26. Kg2 Rxc1 27. Rxc1 Rc8 28. Rf1 Nxd5 29. Qxb7 Rxc4 30. Qxd5 Rc2+ 31. Rf2 Qc8 
32. Rd2 Rxd2+ 33. Qxd2 Qe6 34. Kf2 d5 35. Qg5 Qb6+ 36. Qe3 Qc6 37. Qe2 Qc5+ 
38. Kf1 Qc6 39. Kf2 g6 40. Qd2 Qc5+ 41. Ke2 a5 42. Kd3 Qb5+ 43. Kc2 Qc6+ 
44. Kd3 Qb5+ 45. Kc2 a4 46. Kb2 axb3 47. axb3 Qc5 48. b4 Qc4 49. Qc3 Qe2+ 
50. Ka3 Qxh2 51. Qc8+ Kg7 52. Qc3+ Kg8 53. Qc8+ Kg7 54. Qc3+ Kg8 1/2-1/2

[Event "Friday 19 January Rapid Engine Tour 12+1 Rounds 9 Starts 1600 ST"]
[Site "Infinity Chess"]
[Date "2018.1.19"]
[Round "8"]
[White "angriff"]
[Black "star99"]
[Result "1/2-1/2"]
[ECO "B90"]
[WhiteElo "2451"]
[BlackElo "2421"]
[WhiteEngine "Raubfisch ME262_GTZ16b2_CTG"]
[BlackEngine "Cryptic AIL V1"]
[EventType "Swiss"]
[WhiteTeam ""]
[BlackTeam ""]
[PlyCount "114"]
[TimeControl "720+1"]

1. e4 c5 2. Nf3 d6 3. d4 cxd4 4. Nxd4 Nf6 5. Nc3 a6 6. Be3 e5 7. Nf3 Be7 
8. Bc4 O-O 9. O-O Be6 10. Bb3 Nc6 11. Qe2 Na5 12. Rfd1 Nd7 13. Nd5 Nxb3 
14. axb3 Bxd5 15. Rxd5 Qc7 16. Rdd1 Rfd8 17. Qc4 Qc8 18. g3 Kf8 19. Ne1 Qxc4 
20. bxc4 Rdc8 21. b3 b5 22. cxb5 axb5 23. Rxa8 Rxa8 24. f3 g6 25. g4 Kg7 
26. Nd3 f5 27. exf5 gxf5 28. gxf5 Kf6 29. Nb4 Kxf5 30. Rd5 Ra5 31. Nc6 Ra1+ 
32. Kg2 Ke6 33. Rxb5 Re1 34. Bf2 Re2 35. Nxe7 Kxe7 36. c4 Rc2 37. h3 Ke6 
38. h4 Nf6 39. Kf1 Rc3 40. Ke2 Rc2+ 41. Ke1 Rc3 42. Ke2 Rc2+ 43. Ke3 d5 
44. Rb6+ Kf5 45. Be1 dxc4 46. bxc4 Rxc4 47. Kd2 Ra4 48. Ke2 Nd5 49. Rh6 Nf4+ 
50. Kd2 Ne6 51. Rxh7 Nd4 52. Kd3 Nxf3 53. Rf7+ Ke6 54. Rxf3 e4+ 55. Ke3 exf3 
56. Kxf3 Kf5 57. Bd2 Rxh4 1/2-1/2

[Event "Friday 19 January Rapid Engine Tour 12+1 Rounds 9 Starts 1600 ST"]
[Site "Infinity Chess"]
[Date "2018.1.19"]
[Round "8"]
[White "KRAKEN"]
[Black "Dovahkiin"]
[Result "1/2-1/2"]
[ECO "D30"]
[WhiteElo "2481"]
[BlackElo "2435"]
[WhiteEngine "Raubfisch ME262_GTZ16b3._CTG"]
[BlackEngine "BrainFish_180113_x64_modern_CTG"]
[EventType "Swiss"]
[WhiteTeam ""]
[BlackTeam ""]
[PlyCount "135"]
[TimeControl "720+1"]

1. d4 d5 2. c4 e6 3. Nf3 Nf6 4. Nc3 c6 5. Bg5 h6 6. Bxf6 Qxf6 7. e3 Nd7 
8. Be2 g6 9. O-O Bg7 10. cxd5 exd5 11. b4 a6 12. a4 O-O 13. b5 Qd6 14. Qb3 a5 
15. Rfc1 Rd8 16. Rab1 Nf8 17. Qd1 Ne6 18. bxc6 bxc6 19. Rb6 Bd7 20. Qb3 Qf8 
21. g3 Rdb8 22. Rb1 Rxb6 23. Qxb6 Qa3 24. Rb3 Qf8 25. h4 Qd8 26. Qxd8+ Rxd8 
27. Rb7 c5 28. Nb5 cxd4 29. exd4 Kf8 30. Kg2 Bc6 31. Rb6 Bxb5 32. Rxb5 Bxd4 
33. Rxa5 Bc3 34. Rb5 Kg7 35. h5 gxh5 36. Bd3 Ra8 37. Rxd5 Rxa4 38. Rxh5 Ra5 
39. Rh4 h5 40. Be2 Bf6 41. Rb4 Nc5 42. Ng1 Ne6 43. Nh3 Be7 44. Rb7 Kf8 
45. Rb8+ Nd8 46. Nf4 h4 47. gxh4 Bxh4 48. Kh3 Ra4 49. Nd5 Rd4 50. f3 Bg5 
51. f4 Rxd5 52. fxg5 Kg7 53. Bg4 Nc6 54. Rb7 Rxg5 55. Kh4 Rd5 56. Kh3 Ne5 
57. Bh5 Rd3+ 58. Kh4 Kf6 59. Rb8 Rd2 60. Kg3 Kg5 61. Bxf7 Rd3+ 62. Kf2 Nxf7 
63. Rb5+ Kf4 64. Rb4+ Kf5 65. Rb1 Nd6 66. Ke2 Rh3 67. Ra1 Nc4 68. Rb1 1/2-1/2

[Event "Friday 19 January Rapid Engine Tour 12+1 Rounds 9 Starts 1600 ST"]
[Site "Infinity Chess"]
[Date "2018.1.19"]
[Round "8"]
[White "Wolle"]
[Black "Marsell"]
[Result "1/2-1/2"]
[ECO "C55"]
[WhiteElo "2461"]
[BlackElo "2488"]
[WhiteEngine "Raubfisch X37a2_CTG"]
[BlackEngine "asmFishW_2018-01-11_popcnt"]
[EventType "Swiss"]
[WhiteTeam ""]
[BlackTeam ""]
[PlyCount "85"]
[TimeControl "720+1"]

1. e4 e5 2. Nf3 Nc6 3. Bc4 Nf6 4. d3 Bc5 5. O-O d6 6. c3 O-O 7. Bg5 h6 8. Bh4 a6 
9. a4 g5 10. Bg3 Ba7 11. Nbd2 Nh7 12. h3 h5 13. Kh1 Kh8 14. b4 h4 15. Bh2 g4 
16. hxg4 Bxg4 17. b5 Na5 18. d4 exd4 19. cxd4 Bxd4 20. bxa6 bxa6 21. Rc1 Nxc4 
22. Rxc4 Bg7 23. e5 Qd7 24. Re1 Rae8 25. Qc2 Bf5 26. Qc3 h3 27. Rg1 dxe5 
28. Bxe5 f6 29. Bd4 hxg2+ 30. Rxg2 Bh6 31. Rxc7 Qe6 32. Rc6 Rc8 33. Rxe6 Rxc3 
34. Rxa6 Rd3 35. Be3 Bxe3 36. fxe3 Rxe3 37. a5 Rd8 38. Ra7 Ng5 39. Nxg5 fxg5 
40. Rxg5 Re1+ 41. Rg1 Rxg1+ 42. Kxg1 Rxd2 43. Rf7 1/2-1/2